[Event "28th CRO-chT 1B-Men 2019"]
[Site "Mali Losinj"]
[Date "2019.10.04"]
[Round "7.20"]
[White "Doric, Darko"]
[Black "Srbis, Jurica"]
[Result "1/2-1/2"]
[ECO "D03"]
[WhiteElo "2476"]
[BlackElo "2449"]
[Annotator "ChessBase"]
[PlyCount "121"]
[EventDate "2019.09.28"]
[EventType "team-tourn"]
[EventCountry "CRO"]
[SourceTitle "playchess.com"]
[Source "ChessBase"]
[SourceQuality "1"]
[TimeControl "40/5400+30:1800+30"]

1. d4 Nf6 2. Bg5 d5 3. e3 c5 4. c3 Nc6 5. Nd2 e6 6. Ngf3 h6 7. Bh4 Bd6 8. Bd3 b6 9. Qe2 Bb7 10. e4 Be7 11. e5 Nd7 12. Bxe7 Qxe7 13. a3 Rc8 14. O-O O-O 15. Rfe1 f5 16. exf6 Rxf6 17. Rad1 Nf8 18. Ne5 cxd4 19. Nxc6 Bxc6 20. cxd4 Be8 21. g3 Rf7 22. Nf3 Qf6 23. Ne5 Rfc7 24. h4 Ba4 25. Rd2 Rc1 26. Kg2 R8c7 27. Qe3 Rxe1 28. Qxe1 Qd8 29. Re2 Qe8 30. Re3 Bc2 31. Bxc2 Rxc2 32. Rf3 Nd7 33. Nxd7 Qxd7 34. Qe5 Rc8 35. h5 Rc6 36. Rf4 Qd6 37. Qe3 Qe7 38. Rg4 Qf7 39. Qxh6 Rc2 40. Qe3 Qxh5 41. Qxe6+ Qf7 42. Qe3 Rxb2 43. Rf4 Qd7 44. Qe5 Rc2 45. Rf5 Rc3 46. Qf4 Rc8 47. Qg5 Rf8 48. Rxd5 Qf7 49. f4 Qb7 50. Kh2 Qc6 51. Rd8 Rxd8 52. Qxd8+ Kf7 53. Qg5 Qc2+ 54. Kh3 Qe4 55. Qh5+ g6 56. Qd1 Qd5 57. a4 a6 58. g4 b5 59. axb5 axb5 60. Kg3 b4 61. f5 1/2-1/2

[Event "28th CRO-chT 1B-Men 2019"]
[Site "Mali Losinj"]
[Date "2019.10.04"]
[Round "7.21"]
[White "Cop, Tomislav"]
[Black "Plenkovic, Zdenko"]
[Result "1/2-1/2"]
[ECO "B33"]
[WhiteElo "2349"]
[BlackElo "2368"]
[Annotator "NA"]
[PlyCount "135"]
[EventDate "2019.09.28"]
[EventType "team-tourn"]
[EventCountry "CRO"]
[SourceTitle "playchess.com"]
[Source "ChessBase"]
[SourceQuality "1"]
[TimeControl "40/5400+30:1800+30"]

1. e4 c5 2. Nf3 Nc6 3. d4 cxd4 4. Nxd4 Qb6 5. Nb3 Nf6 6. Nc3 e6 7. a3 a6 8. Bf4 e5 9. Bg5 Be7 10. Qd2 O-O 11. Rd1 d6 12. Bxf6 Bxf6 13. Nd5 Qd8 14. Nxf6+ Qxf6 15. Bc4 Qg6 16. f3 Be6 17. Bxe6 fxe6 18. O-O Rad8 19. c4 Qf7 20. Qd3 Qc7 21. Qe3 a5 22. a4 Nb4 23. Rc1 b6 24. Rc3 Qc6 25. Ra1 h6 26. Nd2 Rf7 27. Nf1 Na6 28. b3 Qc5 29. Rd1 Nb4 30. Rd2 Rdd7 31. Ng3 Kh7 32. h3 Kg8 33. Nf1 Nc6 34. Ng3 Nd4 35. Kh1 Nc6 36. Rcd3 Qxe3 37. Rxe3 Kf8 38. Ne2 Ke7 39. Kg1 Rf8 40. Red3 Nb4 41. Re3 Nc6 42. g3 g5 43. Kg2 Rdd8 44. Rd1 Rf6 45. Red3 h5 46. Rh1 h4 47. g4 Nb4 48. Re3 Rdf8 49. Rd1 Kd7 50. Rd2 Ke7 51. Nc3 Nc6 52. Nb5 Nd4 53. Nxd4 exd4 54. Rxd4 e5 55. Rd5 Kd7 56. Rb5 Kc6 57. b4 axb4 58. Rb3 Ra8 59. R3xb4 Ra6 60. Kf2 Rf8 61. Ke2 Rfa8 62. Kd2 Kc7 63. Ke3 Rxa4 64. Rxb6 Rxb4 65. Rxb4 Ra3+ 66. Kf2 Ra2+ 67. Kg1 Ra1+ 68. Kg2 1/2-1/2

[Event "28th CRO-chT 1B-Men 2019"]
[Site "Mali Losinj"]
[Date "2019.10.04"]
[Round "7.22"]
[White "Rade, Miroslav"]
[Black "Petrusic, Toni"]
[Result "1/2-1/2"]
[ECO "C06"]
[WhiteElo "2390"]
[BlackElo "2272"]
[Annotator "NA"]
[PlyCount "70"]
[EventDate "2019.09.28"]
[EventType "team-tourn"]
[EventCountry "CRO"]
[SourceTitle "playchess.com"]
[Source "ChessBase"]
[SourceQuality "1"]
[TimeControl "40/5400+30:1800+30"]

1. e4 e6 2. d4 d5 3. Nd2 Nf6 4. e5 Nfd7 5. c3 c5 6. Bd3 Nc6 7. Ne2 cxd4 8. cxd4 f6 9. exf6 Nxf6 10. O-O Bd6 11. Nf3 O-O 12. Bf4 Bxf4 13. Nxf4 Ng4 14. g3 g5 15. Ng2 Qf6 16. Be2 Nh6 17. Qd2 Nf5 18. Rad1 h6 19. Ne3 a6 20. h4 gxh4 21. Nxf5 exf5 22. Nxh4 f4 23. Bf3 Be6 24. Ng2 fxg3 25. fxg3 Qg7 26. Nf4 Qxg3+ 27. Qg2 Qxg2+ 28. Bxg2 Bf7 29. Nxd5 Rad8 30. Nc3 Rxd4 31. Bxc6 Rxd1 32. Rxd1 bxc6 33. Rd6 Rb8 34. b3 Bxb3 35. axb3 Rxb3 1/2-1/2

[Event "28th CRO-chT 1B-Men 2019"]
[Site "Mali Losinj"]
[Date "2019.10.04"]
[Round "7.23"]
[White "Machata, Martin"]
[Black "Polok, Kacper"]
[Result "1-0"]
[ECO "A10"]
[WhiteElo "2179"]
[BlackElo "2301"]
[Annotator "NA"]
[PlyCount "49"]
[EventDate "2019.09.28"]
[EventType "team-tourn"]
[EventCountry "CRO"]
[SourceTitle "playchess.com"]
[Source "ChessBase"]
[SourceQuality "1"]
[TimeControl "40/5400+30:1800+30"]

1. Nf3 e6 2. g3 f5 3. Bg2 Nf6 4. O-O Be7 5. c4 O-O 6. Nc3 d6 7. d3 e5 8. b4 a5 9. b5 Nbd7 10. e3 Qe8 11. Ba3 Qh5 12. Nd2 Qh6 13. Re1 Nc5 14. Qc2 f4 15. Nd5 Ng4 16. Nxe7+ Kh8 17. Nf3 fxg3 18. fxg3 Nxd3 19. Re2 e4 20. Nh4 Nxe3 21. Qd2 Qf6 22. Bb2 Qxe7 23. Rxe3 Qg5 24. Rxd3 Qc5+ 25. Bd4 1-0

[Event "28th CRO-chT 1B-Men 2019"]
[Site "Mali Losinj"]
[Date "2019.10.04"]
[Round "7.24"]
[White "Susak, Zeljko"]
[Black "Babic, Zvonko"]
[Result "1-0"]
[ECO "B23"]
[WhiteElo "2191"]
[BlackElo "2173"]
[Annotator "NA"]
[PlyCount "67"]
[EventDate "2019.09.28"]
[EventType "team-tourn"]
[EventCountry "CRO"]
[SourceTitle "playchess.com"]
[Source "ChessBase"]
[SourceQuality "1"]
[TimeControl "40/5400+30:1800+30"]

1. e4 c5 2. Nc3 e6 3. f4 a6 4. d3 Nc6 5. Nf3 d5 6. Be2 dxe4 7. Nxe4 Nf6 8. O-O Be7 9. c3 Qc7 10. Nxf6+ Bxf6 11. Be3 Ne7 12. Ng5 Nd5 13. Bd2 O-O 14. Ne4 Be7 15. Qe1 b5 16. Qg3 Rb8 17. Kh1 Bd7 18. Rac1 Rfd8 19. c4 Nf6 20. Bc3 Kf8 21. Be5 Qa5 22. Bxb8 Rxb8 23. f5 Rd8 24. fxe6 Bxe6 25. Ng5 Qxa2 26. Nxe6+ fxe6 27. Rb1 Bd6 28. Qh3 Ke7 29. Bg4 e5 30. Bc8 Kf8 31. Qe6 Be7 32. Bxa6 b4 33. Bb7 Rxd3 34. Bd5 1-0

[Event "28th CRO-chT 1B-Men 2019"]
[Site "Mali Losinj"]
[Date "2019.10.05"]
[Round "8.1"]
[White "Sedlak, Nikola"]
[Black "Vavulin, Maxim"]
[Result "0-1"]
[ECO "E12"]
[WhiteElo "2557"]
[BlackElo "2550"]
[Annotator "ChessBase"]
[PlyCount "130"]
[EventDate "2019.09.28"]
[EventType "team-tourn"]
[EventCountry "CRO"]
[SourceTitle "playchess.com"]
[Source "ChessBase"]
[SourceQuality "1"]
[TimeControl "40/5400+30:1800+30"]

1. d4 Nf6 2. c4 e6 3. Nf3 b6 4. Bf4 Bb7 5. e3 g6 6. h3 Bg7 7. Nc3 O-O 8. Be2 Ne4 9. Nxe4 Bxe4 10. O-O d6 11. Rc1 Nd7 12. Nd2 Bb7 13. Bf3 Bxf3 14. Nxf3 h6 15. Qa4 f5 16. Qc6 Nf6 17. c5 Ne4 18. Rfd1 g5 19. Bh2 bxc5 20. dxc5 Bxb2 21. Rb1 Rb8 22. cxd6 cxd6 23. Bxd6 Rb6 24. Qc2 Rxd6 25. Rxd6 Qxd6 26. Rxb2 h5 27. Nd4 g4 28. hxg4 hxg4 29. Qc4 Kf7 30. Rb7+ Kf6 31. Rh7 Rb8 32. Qc2 Kg6 33. Rc7 g3 34. fxg3 Qxg3 35. Nf3 Nf2 36. Rc4 Nh3+ 37. Kh1 Nf2+ 38. Kg1 Rh8 39. Nh4+ Rxh4 40. Rxh4 Qxh4 41. Qxf2 Qb4 42. Qg3+ Kf6 43. Kh2 a5 44. Kh3 Qa4 45. Qc7 Qg4+ 46. Kh2 Qh4+ 47. Kg1 Qe1+ 48. Kh2 Qd2 49. a3 Qd5 50. Kh3 a4 51. Qf4 Qb3 52. Qd4+ Kg6 53. Qc5 f4 54. Kg4 fxe3 55. Qg5+ Kf7 56. Qf4+ Ke8 57. Kf3 Qxa3 58. Qb8+ Kd7 59. Qb7+ Kd6 60. Qb6+ Kd5 61. Qb5+ Kd4 62. Qd7+ Kc3 63. Qxe6 Kd2 64. Qd5+ Ke1 65. Qa5+ Kf1 0-1

[Event "28th CRO-chT 1B-Men 2019"]
[Site "Mali Losinj"]
[Date "2019.10.05"]
[Round "8.2"]
[White "Tratar, Marko"]
[Black "Nikcevic, Nebojsa"]
[Result "0-1"]
[ECO "A28"]
[WhiteElo "2461"]
[BlackElo "2415"]
[Annotator "ChessBase"]
[PlyCount "114"]
[EventDate "2019.09.28"]
[EventType "team-tourn"]
[EventCountry "CRO"]
[SourceTitle "playchess.com"]
[Source "ChessBase"]
[SourceQuality "1"]
[TimeControl "40/5400+30:1800+30"]

1. c4 e5 2. Nc3 Nf6 3. Nf3 Nc6 4. e4 d6 5. d3 g6 6. g3 Bg7 7. Bg2 O-O 8. Nd5 Bg4 9. Be3 Nxd5 10. cxd5 Nd4 11. Bxd4 exd4 12. O-O c5 13. dxc6 bxc6 14. h3 Be6 15. Nd2 Rb8 16. b3 Rb5 17. Rc1 Qd7 18. h4 Ra5 19. Rc2 Ra6 20. f4 f5 21. Re1 Re8 22. Kh2 d5 23. exd5 cxd5 24. Nf3 Bf7 25. Rxe8+ Qxe8 26. Ng5 Rd6 27. Rc7 Rd7 28. Qc2 Bf6 29. Nxf7 Qxf7 30. Rxd7 Qxd7 31. Qc5 Kg7 32. Bxd5 Qe7 33. Qc2 Bxh4 34. gxh4 Qxh4+ 35. Kg1 Qxf4 36. Qf2 Qe5 37. Bf3 g5 38. Qe2 Qd6 39. Qh2 Qe7 40. Qf2 Qe5 41. b4 g4 42. Bg2 Kg6 43. a4 h5 44. b5 h4 45. Qxh4 g3 46. Qh3 Qe3+ 47. Kh1 Qxd3 48. Bf1 Qe3 49. Kg2 Qf2+ 50. Kh1 d3 51. Bxd3 Qf3+ 52. Kg1 Qxd3 53. a5 Kg5 54. Qf1 Qc2 55. Qf3 Qc5+ 56. Kh1 f4 57. Qc6 Qe5 0-1

[Event "28th CRO-chT 1B-Men 2019"]
[Site "Mali Losinj"]
[Date "2019.10.05"]
[Round "8.3"]
[White "Matkovic, Tonci"]
[Black "Fercec, Nenad"]
[Result "1-0"]
[ECO "B90"]
[WhiteElo "2281"]
[BlackElo "2445"]
[Annotator "ChessBase"]
[PlyCount "105"]
[EventDate "2019.09.28"]
[EventType "team-tourn"]
[EventCountry "CRO"]
[SourceTitle "playchess.com"]
[Source "ChessBase"]
[SourceQuality "1"]
[TimeControl "40/5400+30:1800+30"]

1. e4 c5 2. Nf3 d6 3. d4 cxd4 4. Nxd4 Nf6 5. Nc3 a6 6. Be3 e5 7. Nb3 Be6 8. a4 Nbd7 9. Be2 Nb6 10. O-O Nc4 11. Bxc4 Bxc4 12. Re1 Be7 13. Bg5 O-O 14. Bxf6 Bxf6 15. Nd5 Bg5 16. a5 Rc8 17. c3 g6 18. Nb6 Rc6 19. Nd2 Be6 20. Nf3 Bh6 21. Qd3 f5 22. Rad1 fxe4 23. Qxe4 Qf6 24. Nd5 Qf7 25. c4 Kg7 26. b3 Bf5 27. Qe2 Bg4 28. Nb4 Bxf3 29. Qxf3 Qxf3 30. gxf3 Rc5 31. Rxd6 Rxa5 32. Rb6 Bd2 33. Re2 Bxb4 34. Rxb7+ Kh6 35. Rxb4 Rxf3 36. Kg2 Rc3 37. Rb6 Rc5 38. Re3 Rxe3 39. fxe3 Ra5 40. Kf3 Ra2 41. Ke4 a5 42. c5 Rxh2 43. c6 Rc2 44. Kd5 Rd2+ 45. Kxe5 Rc2 46. Kd6 Rd2+ 47. Ke7 Rc2 48. Kd7 Rd2+ 49. Kc8 Re2 50. c7 Rxe3 51. Kd7 Rd3+ 52. Rd6 Rc3 53. Rc6 1-0

[Event "28th CRO-chT 1B-Men 2019"]
[Site "Mali Losinj"]
[Date "2019.10.05"]
[Round "8.4"]
[White "Zufic, Miroslav"]
[Black "Malenica, Mario"]
[Result "1-0"]
[ECO "B35"]
[WhiteElo "2367"]
[BlackElo "2221"]
[Annotator "ChessBase"]
[PlyCount "77"]
[EventDate "2019.09.28"]
[EventType "team-tourn"]
[EventCountry "CRO"]
[SourceTitle "playchess.com"]
[Source "ChessBase"]
[SourceQuality "1"]
[TimeControl "40/5400+30:1800+30"]

1. e4 c5 2. Nf3 Nc6 3. d4 cxd4 4. Nxd4 g6 5. Nc3 Bg7 6. Be3 Nf6 7. Bc4 O-O 8. Bb3 a5 9. Ndb5 d6 10. f3 Nd7 11. Na4 b6 12. Qd2 Ba6 13. c4 Nc5 14. O-O Rb8 15. Nac3 Nxb3 16. axb3 Nb4 17. Nd4 Qc8 18. Nd5 Nxd5 19. exd5 Bb7 20. Nb5 Ba8 21. Rfe1 Re8 22. Qf2 Qd7 23. Bxb6 Bxb2 24. Qxb2 Rxb6 25. Rxa5 Rbb8 26. Ra7 Bb7 27. Qd4 e6 28. dxe6 Rxe6 29. Rxe6 Qxe6 30. h3 d5 31. Qf4 Qc8 32. Kh2 dxc4 33. bxc4 Qf8 34. Nd6 Qe7 35. c5 Qc7 36. c6 Qxc6 37. Qxf7+ Kh8 38. Nxb7 g5 39. Nd8 1-0

[Event "28th CRO-chT 1B-Men 2019"]
[Site "Mali Losinj"]
[Date "2019.10.05"]
[Round "8.5"]
[White "Grgurevic, Boris"]
[Black "Franic, Milan"]
[Result "1/2-1/2"]
[ECO "B00"]
[WhiteElo "2177"]
[BlackElo "2366"]
[Annotator "ChessBase"]
[PlyCount "121"]
[EventDate "2019.09.28"]
[EventType "team-tourn"]
[EventCountry "CRO"]
[SourceTitle "playchess.com"]
[Source "ChessBase"]
[SourceQuality "1"]
[TimeControl "40/5400+30:1800+30"]

1. e4 b6 2. d4 Bb7 3. Bd3 Nf6 4. Qe2 Nc6 5. c3 e5 6. d5 Ne7 7. Nh3 c6 8. c4 Ng6 9. O-O Bc5 10. Nd2 O-O 11. Nb3 Bd6 12. Be3 Qe7 13. Rac1 Rfc8 14. Rfd1 Rc7 15. f3 Rac8 16. Qf2 Ba8 17. Bf1 h6 18. Qd2 Ne8 19. Nf2 Bb4 20. Qd3 Nf4 21. Qb1 Bd6 22. g3 Ng6 23. Nd3 cxd5 24. cxd5 Qd8 25. Nd2 Bb7 26. Rxc7 Rxc7 27. b4 Qc8 28. a3 f5 29. Rc1 fxe4 30. fxe4 Nf6 31. h3 Ba6 32. Rxc7 Qxc7 33. Qc1 Bxd3 34. Qxc7 Bxc7 35. Bxd3 Kf7 36. Kf2 Ne8 37. Ba6 Nd6 38. a4 Bd8 39. h4 Nf8 40. Kf3 Nh7 41. Nc4 Nxc4 42. Bxc4 Nf6 43. Bd3 Be7 44. Bd2 h5 45. Ke2 Ke8 46. Kd1 Kd8 47. Kc2 Kc7 48. Kb3 Kb7 49. Bg5 Ng8 50. Be3 a6 51. Kc4 Nf6 52. Bg5 d6 53. Be2 g6 54. Kd3 Bd8 55. Bf1 Kc7 56. Bd2 Ng4 57. Ke2 b5 58. axb5 axb5 59. Ke1 Kb6 60. Be2 Ka6 61. Kf1 1/2-1/2

[Event "28th CRO-chT 1B-Men 2019"]
[Site "Mali Losinj"]
[Date "2019.10.05"]
[Round "8.6"]
[White "Krsnik Cohar, Ivan Vihor"]
[Black "Tesla, Miro"]
[Result "1-0"]
[ECO "A45"]
[WhiteElo "2340"]
[BlackElo "2073"]
[Annotator "ChessBase"]
[PlyCount "77"]
[EventDate "2019.09.28"]
[EventType "team-tourn"]
[EventCountry "CRO"]
[SourceTitle "playchess.com"]
[Source "ChessBase"]
[SourceQuality "1"]
[TimeControl "40/5400+30:1800+30"]

1. d4 Nf6 2. Bg5 Ne4 3. Bf4 d5 4. Nd2 Bf5 5. Nxe4 Bxe4 6. e3 c5 7. Bxb8 Qxb8 8. Bb5+ Kd8 9. dxc5 e6 10. Nf3 Bxc5 11. O-O Ke7 12. Bd3 Bxf3 13. Qxf3 Qe5 14. c4 Rhd8 15. Rfd1 Kf8 16. cxd5 exd5 17. Bxh7 Rd6 18. Bc2 Rad8 19. Bb3 Qxb2 20. Rab1 Qe5 21. Rd3 R8d7 22. Ba4 Re7 23. Qh3 f5 24. Qh8+ Kf7 25. Qc8 Bb6 26. Bb3 Rc7 27. Qa8 Kg6 28. Rbd1 Kh7 29. g3 d4 30. Qg8+ Kg6 31. h4 Kh5 32. exd4 Bxd4 33. Rxd4 Rxd4 34. Qh7+ Kg4 35. Rxd4+ Qxd4 36. Qg6+ Kh3 37. Qxf5+ Qg4 38. Qb1 Rc3 39. Qf1# 1-0

[Event "28th CRO-chT 1B-Men 2019"]
[Site "Mali Losinj"]
[Date "2019.10.05"]
[Round "8.7"]
[White "Ivic, Velimir"]
[Black "Sokolov, Ivan"]
[Result "1/2-1/2"]
[ECO "C77"]
[WhiteElo "2525"]
[BlackElo "2584"]
[Annotator "ChessBase"]
[PlyCount "74"]
[EventDate "2019.09.28"]
[EventType "team-tourn"]
[EventCountry "CRO"]
[SourceTitle "playchess.com"]
[Source "ChessBase"]
[SourceQuality "1"]
[TimeControl "40/5400+30:1800+30"]

1. e4 e5 2. Nf3 Nc6 3. Bb5 a6 4. Ba4 Nf6 5. O-O Be7 6. d3 d6 7. c3 O-O 8. Nbd2 Nd7 9. Re1 Nb6 10. Bb3 Kh8 11. d4 exd4 12. Nxd4 Bg5 13. Nxc6 bxc6 14. e5 d5 15. Nf3 Bxc1 16. Qxc1 Bg4 17. Qf4 Bxf3 18. Qxf3 Qg5 19. Re3 a5 20. a3 Nd7 21. Rae1 Nc5 22. Bc2 Rab8 23. b4 axb4 24. axb4 Ne6 25. g3 Kg8 26. h4 Qh6 27. Qg2 d4 28. Rd3 dxc3 29. Qxc6 Rxb4 30. Qxc3 Rfb8 31. Rd7 Qh5 32. Be4 Rb3 33. Qd2 Rb2 34. Qd1 Qxd1 35. Rexd1 Re2 36. Bd5 Rxe5 37. Bxe6 Rxe6 1/2-1/2

[Event "28th CRO-chT 1B-Men 2019"]
[Site "Mali Losinj"]
[Date "2019.10.05"]
[Round "8.8"]
[White "Nemeth, Miklos"]
[Black "Doric, Darko"]
[Result "0-1"]
[ECO "B12"]
[WhiteElo "2488"]
[BlackElo "2476"]
[Annotator "ChessBase"]
[PlyCount "52"]
[EventDate "2019.09.28"]
[EventType "team-tourn"]
[EventCountry "CRO"]
[SourceTitle "playchess.com"]
[Source "ChessBase"]
[SourceQuality "1"]
[TimeControl "40/5400+30:1800+30"]

1. e4 c6 2. d4 d5 3. e5 c5 4. dxc5 e6 5. a3 Bxc5 6. b4 Bb6 7. Qg4 Ne7 8. Bd3 Ng6 9. Nf3 O-O 10. Bb2 f5 11. exf6 e5 12. Qh5 e4 13. Ng5 Bxf2+ 14. Kd1 Rxf6 15. Qxh7+ Kf8 16. Be2 Nc6 17. Rf1 e3 18. h4 d4 19. h5 Qd5 20. hxg6 Qxg5 21. Qh8+ Ke7 22. Qxg7+ Kd6 23. Nc3 dxc3 24. Bxc3 Rxg6 25. Qf8+ Kc7 26. b5 Qd8+ 0-1

[Event "28th CRO-chT 1B-Men 2019"]
[Site "Mali Losinj"]
[Date "2019.10.05"]
[Round "8.9"]
[White "Plenkovic, Zdenko"]
[Black "Krstic, Uros"]
[Result "0-1"]
[ECO "D00"]
[WhiteElo "2368"]
[BlackElo "2354"]
[Annotator "ChessBase"]
[PlyCount "80"]
[EventDate "2019.09.28"]
[EventType "team-tourn"]
[EventCountry "CRO"]
[SourceTitle "playchess.com"]
[Source "ChessBase"]
[SourceQuality "1"]
[TimeControl "40/5400+30:1800+30"]

1. d4 Nf6 2. Nf3 g6 3. Nc3 d5 4. Bf4 c6 5. e3 Bg7 6. Be2 Nbd7 7. h3 O-O 8. Qd2 b5 9. a3 a5 10. O-O Bb7 11. Rfd1 Nb6 12. Qe1 Nfd7 13. Bg3 Re8 14. a4 b4 15. Nb1 e5 16. c3 exd4 17. cxd4 Qe7 18. Nbd2 c5 19. Bb5 Rec8 20. dxc5 Nxc5 21. Nd4 Ne6 22. N2f3 Nc4 23. Bh4 Bf6 24. Bxf6 Qxf6 25. Qe2 Rc7 26. Rac1 Rac8 27. Bxc4 Rxc4 28. Rxc4 dxc4 29. Rc1 Bxf3 30. Qxf3 Qxf3 31. Nxf3 c3 32. Kf1 Nc5 33. bxc3 Nxa4 34. Ra1 Nxc3 35. Rxa5 b3 36. Nd2 b2 37. Ra3 Rd8 38. Ke1 Rxd2 39. Rxc3 b1=Q+ 40. Kxd2 Qf1 0-1

[Event "28th CRO-chT 1B-Men 2019"]
[Site "Mali Losinj"]
[Date "2019.10.05"]
[Round "8.10"]
[White "Trbojevic, Mladen"]
[Black "Muha, Miljenko"]
[Result "1-0"]
[ECO "C17"]
[WhiteElo "2338"]
[BlackElo "2322"]
[Annotator "ChessBase"]
[PlyCount "105"]
[EventDate "2019.09.28"]
[EventType "team-tourn"]
[EventCountry "CRO"]
[SourceTitle "playchess.com"]
[Source "ChessBase"]
[SourceQuality "1"]
[TimeControl "40/5400+30:1800+30"]

1. e4 e6 2. d4 d5 3. Nc3 Bb4 4. e5 c5 5. Bd2 Ne7 6. a3 Bxc3 7. Bxc3 b6 8. Bb5+ Bd7 9. Bd3 Nbc6 10. Qg4 cxd4 11. Bxd4 h5 12. Qf4 g5 13. Qe3 Nxd4 14. Qxd4 Nc6 15. Qe3 Qc7 16. h4 d4 17. Qxg5 Qxe5+ 18. Ne2 Qa5+ 19. Kf1 Qxg5 20. hxg5 Ke7 21. Ng3 h4 22. Ne4 Ne5 23. Re1 Nxd3 24. cxd3 Rac8 25. Nd2 Bb5 26. Rh3 Rc2 27. Nb3 Rxb2 28. Nxd4 Rd8 29. Re4 Rc8 30. Kg1 Rc1+ 31. Kh2 Rbb1 32. Rexh4 Rh1+ 33. Kg3 Rxh3+ 34. gxh3 Bxd3 35. Nc6+ Kd6 36. Rd4+ Kxc6 37. Rxd3 Rg1+ 38. Kf4 b5 39. h4 Rh1 40. Kg4 a5 41. h5 b4 42. h6 Rh2 43. Rf3 Rg2+ 44. Kf4 Kd5 45. axb4 axb4 46. Rh3 b3 47. Rxb3 e5+ 48. Kf5 Rxf2+ 49. Kg4 Rf4+ 50. Kh5 Ra4 51. h7 Ra1 52. Kh6 f5 53. g6 1-0

[Event "28th CRO-chT 1B-Men 2019"]
[Site "Mali Losinj"]
[Date "2019.10.05"]
[Round "8.11"]
[White "Rade, Miroslav"]
[Black "Vernacki, Srdjan"]
[Result "1/2-1/2"]
[ECO "B15"]
[WhiteElo "2390"]
[BlackElo "2318"]
[Annotator "NA"]
[PlyCount "73"]
[EventDate "2019.09.28"]
[EventType "team-tourn"]
[EventCountry "CRO"]
[SourceTitle "playchess.com"]
[Source "ChessBase"]
[SourceQuality "1"]
[TimeControl "40/5400+30:1800+30"]

1. e4 c6 2. Nc3 d5 3. Nf3 dxe4 4. Nxe4 Nf6 5. Nxf6+ exf6 6. d4 Bd6 7. Bd3 O-O 8. O-O Re8 9. c3 Nd7 10. Nd2 Nf8 11. Ne4 Bb8 12. Qf3 Ng6 13. Bd2 Qc7 14. Ng3 Be6 15. Rfe1 Qd7 16. Nf5 Bc7 17. h4 $11 Nf8 18. Ne3 Rad8 19. b4 Bb8 20. g3 Qc8 21. h5 Nd7 22. Bc2 g6 23. Bb3 f5 24. Ng2 Bxb3 25. axb3 Rxe1+ 26. Nxe1 Re8 27. Nd3 Nf6 28. hxg6 hxg6 29. Bf4 Ng4 30. Bxb8 Qxb8 31. Qf4 Qxf4 32. Nxf4 a6 33. Kf1 Nf6 34. Re1 Ne4 35. Re2 Kf8 36. Rc2 Ke7 37. Nd3 1/2-1/2

[Event "28th CRO-chT 1B-Men 2019"]
[Site "Mali Losinj"]
[Date "2019.10.05"]
[Round "8.12"]
[White "Tomasic, Roland"]
[Black "Polok, Kacper"]
[Result "0-1"]
[ECO "B33"]
[WhiteElo "2111"]
[BlackElo "2301"]
[Annotator "NA"]
[PlyCount "92"]
[EventDate "2019.09.28"]
[EventType "team-tourn"]
[EventCountry "CRO"]
[SourceTitle "playchess.com"]
[Source "ChessBase"]
[SourceQuality "1"]
[TimeControl "40/5400+30:1800+30"]

1. e4 c5 2. Nf3 Nc6 3. d4 cxd4 4. Nxd4 e5 5. Nb5 d6 6. N1c3 Nf6 7. Bg5 a6 8. Na3 b5 9. Nd5 Be7 10. Bxf6 Bxf6 11. c3 Bg5 12. Nc2 O-O 13. h4 Bh6 14. Nce3 Bxe3 15. Nxe3 Be6 16. Be2 Ne7 17. Bg4 $11 Qd7 18. Bxe6 fxe6 19. g3 d5 20. O-O Rad8 21. exd5 exd5 22. Qb3 Kh8 23. a4 d4 24. cxd4 exd4 25. Ng2 Ng6 26. axb5 axb5 27. f4 d3 28. Kh2 Rf6 29. Ra5 d2 30. Rd1 Rd6 31. Rxb5 Rd3 32. Qa4 h6 33. f5 Ne5 34. Ra5 Qxf5 35. Rxe5 Qxe5 36. Nf4 R3d6 37. Qc2 Qe3 38. h5 Rf8 39. Rf1 Rxf4 40. Rxf4 Qe2+ 41. Kh3 Qxh5+ 42. Kg2 Qd5+ 43. Kh3 Qh1+ 44. Kg4 d1=Q+ 45. Qxd1 Qxd1+ 46. Kh3 Qh5+ 0-1

[Event "28th CRO-chT 1B-Men 2019"]
[Site "Mali Losinj"]
[Date "2019.10.05"]
[Round "8.13"]
[White "Djukic, Nikola"]
[Black "Nagy, Gabor"]
[Result "1/2-1/2"]
[ECO "C84"]
[WhiteElo "2517"]
[BlackElo "2476"]
[Annotator "ChessBase"]
[PlyCount "55"]
[EventDate "2019.09.28"]
[EventType "team-tourn"]
[EventCountry "CRO"]
[SourceTitle "playchess.com"]
[Source "ChessBase"]
[SourceQuality "1"]
[TimeControl "40/5400+30:1800+30"]

1. e4 e5 2. Nf3 Nc6 3. Bb5 a6 4. Ba4 Nf6 5. O-O b5 6. Bb3 Bb7 7. d3 Be7 8. Nc3 O-O 9. Nd5 Na5 10. Nxe7+ Qxe7 11. Nh4 Nxb3 12. Nf5 Qe6 13. axb3 d5 14. f3 Ne8 15. Be3 Nd6 16. Bc5 Rfd8 17. Bxd6 cxd6 18. Qd2 f6 19. Rae1 Kh8 20. Qf2 Rd7 21. b4 dxe4 22. fxe4 d5 23. c3 dxe4 24. dxe4 Rad8 25. h3 Rd2 26. Re2 Rxe2 27. Qxe2 Rd7 28. Qe3 1/2-1/2

[Event "28th CRO-chT 1B-Men 2019"]
[Site "Mali Losinj"]
[Date "2019.10.05"]
[Round "8.14"]
[White "Srbis, Jurica"]
[Black "Bogut, Zeljko"]
[Result "1-0"]
[ECO "A65"]
[WhiteElo "2449"]
[BlackElo "2386"]
[Annotator "ChessBase"]
[PlyCount "121"]
[EventDate "2019.09.28"]
[EventType "team-tourn"]
[EventCountry "CRO"]
[SourceTitle "playchess.com"]
[Source "ChessBase"]
[SourceQuality "1"]
[TimeControl "40/5400+30:1800+30"]

1. d4 Nf6 2. c4 c5 3. d5 e6 4. Nc3 exd5 5. cxd5 d6 6. e4 a6 7. f4 b5 8. e5 Bg4 9. Be2 Bxe2 10. Ngxe2 b4 11. exf6 bxc3 12. fxg7 Bxg7 13. Nxc3 Qh4+ 14. g3 Qh3 15. Be3 Qg2 16. Qa4+ Nd7 17. Qe4+ Qxe4 18. Nxe4 Ke7 19. O-O-O Rab8 20. Rd2 Rb4 21. Nf2 Rhb8 22. Re1 Kd8 23. Nd3 R4b5 24. Rc2 Nb6 25. Rd1 Ke7 26. Nf2 Kd7 27. Rdd2 Rb4 28. Nd3 Re4 29. Bg1 f5 30. b3 a5 31. Bxc5 dxc5 32. Nxc5+ Kd6 33. Nxe4+ fxe4 34. Rc6+ Kd7 35. Re6 Bc3 36. Rd1 Nxd5 37. f5 Rb5 38. Rxe4 Kd6 39. Re6+ Kc5 40. Re8 Bf6 41. Rc8+ Kd6 42. Re1 Bg5+ 43. Kb1 a4 44. Re6+ Kd7 45. Rg8 Bf6 46. Ra8 Bd4 47. Rh6 axb3 48. Rxh7+ Kd6 49. axb3 Rxb3+ 50. Kc2 Rc3+ 51. Kd2 Be3+ 52. Ke2 Bg5 53. Re8 Nf6 54. Re6+ Kd5 55. Rg7 Rc2+ 56. Kf3 Bh6 57. Rg6 Rc3+ 58. Kg2 Rc2+ 59. Kh3 Ne4 60. Rxh6 Ng5+ 61. Kg4 1-0

[Event "28th CRO-chT 1B-Men 2019"]
[Site "Mali Losinj"]
[Date "2019.10.05"]
[Round "8.15"]
[White "Galic, Ivan"]
[Black "Cop, Tomislav"]
[Result "1-0"]
[ECO "E81"]
[WhiteElo "2414"]
[BlackElo "2349"]
[Annotator "ChessBase"]
[PlyCount "51"]
[EventDate "2019.09.28"]
[EventType "team-tourn"]
[EventCountry "CRO"]
[SourceTitle "playchess.com"]
[Source "ChessBase"]
[SourceQuality "1"]
[TimeControl "40/5400+30:1800+30"]

1. d4 Nf6 2. c4 g6 3. Nc3 Bg7 4. e4 d6 5. f3 O-O 6. Nge2 Nbd7 7. Be3 c5 8. Qd2 a6 9. dxc5 dxc5 10. Rd1 Qc7 11. Nf4 e6 12. Nd3 b6 13. Bf4 e5 14. Bg5 Bb7 15. Be2 Rfe8 16. Nd5 Qd6 17. b4 Bxd5 18. bxc5 Nxc5 19. Nxc5 Qxc5 20. cxd5 Rec8 21. Be3 Qd6 22. O-O Nd7 23. Rc1 b5 24. Rc2 Nc5 25. Rfc1 Bf8 26. Rxc5 1-0

[Event "28th CRO-chT 1B-Men 2019"]
[Site "Mali Losinj"]
[Date "2019.10.05"]
[Round "8.16"]
[White "Petrusic, Toni"]
[Black "Bender, Ivan"]
[Result "1-0"]
[ECO "B11"]
[WhiteElo "2272"]
[BlackElo "2234"]
[Annotator "NA"]
[PlyCount "55"]
[EventDate "2019.09.28"]
[EventType "team-tourn"]
[EventCountry "CRO"]
[SourceTitle "playchess.com"]
[Source "ChessBase"]
[SourceQuality "1"]
[TimeControl "40/5400+30:1800+30"]

1. e4 c6 2. Nc3 d5 3. Nf3 Bg4 4. h3 Bxf3 5. Qxf3 e6 6. d3 Nd7 7. Bd2 Bd6 8. g4 Qf6 9. Qxf6 Ngxf6 $11 10. f4 dxe4 11. Nxe4 Nxe4 12. dxe4 e5 13. f5 Nc5 14. Bg2 a5 15. O-O-O Be7 16. g5 f6 17. h4 Kf7 18. Bf3 Rhd8 19. Be3 b6 20. Rdg1 Bf8 21. g6+ Kg8 22. gxh7+ Kh8 23. h5 Rd7 24. h6 Raa7 25. Rg6 Rab7 26. hxg7+ Bxg7 27. Bh6 Rd6 28. Bxg7+ 1-0